 Dungeon Crawl Stone Soup version 0.29.1-2-gbd0b4ee654 (webtiles) character file.

Game seed: 16593577757995161150

9351 GigaChad the Blocker (level 11, -6/99 HPs)
             Began as a Minotaur Fighter on Nov 18, 2022.
             Was an Elder of Qazlal.
             Mangled by a 14-headed hydra (12 damage)
             ... on level 2 of the Lair of Beasts on Nov 19, 2022.
             The game lasted 00:31:20 (10857 turns).

GigaChad the Blocker (Minotaur Fighter)            Turns: 10857, Time: 00:31:20

Health: -6/99      AC: 34    Str: 24    XL:     11   Next: 21%
Magic:  12/12      EV: 11    Int:  5    God:    Qazlal [****..]
Gold:   582        SH: 15    Dex: 17    Spells: 10/10 levels left

rFire   . . .      SeeInvis .   a - +0 war axe
rCold   . . .      Faith    +   c - +2 buckler
rNeg    . . .      Spirit   .   D - +18 Lear's hauberk
rPois   .          Reflect  .   (helmet currently unavailable)
rElec   .          Harm     .   u - +0 cloak
rCorr   .          Rampage  .   (gloves currently unavailable)
Will    .....                   (boots currently unavailable)
Stlth   ..........              W - amulet of faith
HPRegen 0.26/turn               q - +6 ring of dexterity
MPRegen 0.13/turn               I - +4 ring of protection

@: about to teleport, repel missiles
A: horns 2, retaliatory headbutt
a: Renounce Religion, Upheaval, Elemental Force


You were on level 2 of the Lair of Beasts.
You worshipped Qazlal.
Qazlal was greatly pleased with you.
You visited 3 branches of the dungeon, and saw 12 of its levels.

You collected 582 gold pieces.

Inventory:

Hand Weapons
 a - a +0 war axe (weapon)
 t - a +2 quarterstaff of chaos
 H - a +0 vorpal arbalest
 K - a +1 trident of protection
Missiles
 z - 2 boomerangs
 O - 3 boomerangs of dispersal
Armour
 b - a +0 scale mail
 c - a +2 buckler (worn)
 g - a +0 chain mail
 k - the -1 helmet of Precision Catastrophes {rF+ rN+ rCorr}
   (You found it on level 2 of the Dungeon)

   rF:        It protects you from fire.
   rN:        It protects you from negative energy.
   rCorr:     It protects you from acid and corrosion.
 s - a +0 chain mail
 u - a +0 cloak (worn)
 v - a +0 chain mail of willpower
 D - the +18 Lear's hauberk (worn)
   (You found it on level 4 of the Dungeon)
 J - a +1 pair of gloves
 R - +0 steam dragon scales
Jewellery
 e - a ring of poison resistance
 h - a +4 ring of evasion
 i - a ring of protection from fire
 l - a ring of ice
 m - a ring of see invisible
 q - a +6 ring of dexterity (left hand)
 C - a ring of protection from cold
 I - a +4 ring of protection (right hand)
 N - the ring "Kosicyen" {Fire Str+3 Dex+2}
   (You found it on level 6 of the Dungeon)

   [ring of fire]

   It enhances your fire magic.
   Str:       It affects your strength (+3).
   Dex:       It affects your dexterity (+2).
   rF:        It protects you from fire.
   rC:        It makes you vulnerable to cold.
 Q - a ring of flight
 T - a +4 ring of slaying
 W - an amulet of faith (around neck)
 Y - an amulet of magic regeneration
Wands
 w - a wand of digging (2)
 E - a wand of charming (5)
 S - a wand of flame (16) (quivered)
Scrolls
 f - a scroll of amnesia
 j - 2 scrolls of poison
 o - 2 scrolls of magic mapping
 p - 4 scrolls of vulnerability
 r - 3 scrolls of teleportation
 y - a scroll of blinking
 L - a scroll of fear
 X - a scroll of identify
Potions
 d - a potion of might
 n - 3 potions of heal wounds {unknown}
 x - a potion of invisibility {unknown}
 A - 2 potions of mutation {unknown}
 F - a potion of resistance {unknown}
 G - a potion of brilliance {unknown}
 M - 2 potions of curing {unknown}
 P - 2 potions of ambrosia {unknown}
 U - a potion of cancellation {unknown}
 V - a potion of lignification {unknown}


   Skills:
 - Level 10.1 Fighting
 + Level 10.7 Axes
 + Level 7.5 Armour
 * Level 7.1 Dodging
 - Level 0.7 Stealth
 + Level 11.4 Shields
 * Level 3.9 Invocations


You had 10 spell levels left.
You didn't know any spells.
Your spell library contained the following spells:

 Spells                   Type           Power      Damage    Failure   Level
 Ensorcelled Hibernation  Hex/Ice        0%         N/A       99%         2
 Call Canine Familiar     Summ           0%         N/A       100%        3
 Confusing Touch          Hex            0%         N/A       100%        3
 Gell's Gravitas          Tloc           0%         N/A       100%        3
 Ignite Poison            Fire/Tmut/Pois 0%         N/A       100%        3
 Lesser Beckoning         Tloc           0%         N/A       100%        3
 Mephitic Cloud           Conj/Pois/Air  0%         N/A       100%        3
 Portal Projectile        Hex/Tloc       0%         N/A       100%        3
 Spider Form              Tmut/Pois      0%         N/A       100%        3
 Teleport Other           Tloc           0%         N/A       100%        3
 Tukima's Dance           Hex            0%         N/A       100%        3
 Anguish                  Hex/Necr       0%         N/A       100%        4
 Leda's Liquefaction      Hex/Erth       0%         N/A       100%        4
 Blade Hands              Tmut           0%         N/A       100%        5
 Freezing Cloud           Conj/Ice/Air   0%         6-21      100%        5
 Yara's Violent Unravell  Hex/Tmut       0%         3d3       100%        5
 Enfeeble                 Hex            0%         N/A       100%        7


Dungeon Overview and Level Annotations

Branches:
Dungeon (9/15)             Temple (1/1) D:7            Lair (2/5) D:9
  Swamp: Lair:2-3    Shoals: Lair:2-3     Snake: Lair:2-3    Spider: Lair:2-3
    Orc: D:9-12

Altars:
Ashenzari
Cheibriados
Dithmenos
Elyvilon
Fedhas
Gozag
Kikubaaqudgha
Makhleb
Nemelex Xobeh
Okawaru
Qazlal
Ru
Sif Muna
Trog
Uskayaw
Wu Jian
Xom
Yredelemnul
Zin
The Shining One

Annotations:
D:9 1 runed translucent door


Innate Abilities, Weirdness & Mutations

You have a pair of horns on your head.
You reflexively headbutt those who attack you in melee.


Message History

The cane toad stings you but does no damage.
The 13-headed hydra barely misses you. You block the 13-headed hydra's attack.
The 13-headed hydra bites you but does no damage.
You block the 13-headed hydra's attack. x2
The 13-headed hydra bites you but does no damage. x2
You block the 13-headed hydra's attack. x2
The 13-headed hydra bites you but does no damage. x4
You block the cane toad's attack. The 13-headed hydra barely misses you.
The 13-headed hydra bites you but does no damage. x3
You block the 13-headed hydra's attack.
The 13-headed hydra bites you but does no damage. x2
You block the 13-headed hydra's attack. The 13-headed hydra barely misses you.
The 13-headed hydra bites you but does no damage.
The 13-headed hydra barely misses you. x2
The 13-headed hydra bites you but does no damage.
The cane toad stings you but does no damage.
You block the 13-headed hydra's attack. x4
The 13-headed hydra bites you but does no damage.
The 13-headed hydra barely misses you. You block the 13-headed hydra's attack.
The 13-headed hydra closely misses you.
The 13-headed hydra bites you but does no damage.
The 13-headed hydra bites you.
* * * LOW HITPOINT WARNING * * *
The 13-headed hydra bites you.
* * * LOW HITPOINT WARNING * * *
The 13-headed hydra bites you!
* * * LOW HITPOINT WARNING * * *
The 13-headed hydra bites you but does no damage.
The cane toad closely misses you.
You lop one of the 13-headed hydra's heads off!
The 12-headed hydra grows two more!
You slash the 14-headed hydra!
The 14-headed hydra is moderately wounded.
You barely miss the cane toad.
The 14-headed hydra bites you but does no damage. x2
You block the 14-headed hydra's attack. x3
The 14-headed hydra bites you but does no damage.
The 14-headed hydra closely misses you. You block the 14-headed hydra's attack.
The 14-headed hydra bites you but does no damage.
The 14-headed hydra bites you!
You die...

....
#...
##...#
#....#
#...#
#...#
##§.#
#.F☼#
#@D○#
#†..#
..###...
....
#....
.....P
P....
......
....
...#..
....
......
...


You could see a 14-headed hydra and a cane toad.

Vanquished Creatures
  Pikel (D:6)
  A black mamba (Lair:1)
  4 cane toads (Lair:1)
  A polar bear (Lair:1)
  Prince Ribbit (D:6)
  7 blink frogs (Lair:1)
  2 wyverns
  11 yaks
  6 steam dragons
  A basilisk (Lair:1)
  Menkaure (D:6)
  4 water moccasins
  A black bear (Lair:1)
  2 sky beasts (D:7)
  An ice beast (D:6)
  An orc warrior (D:7)
  2 centaurs (D:7)
  2 kobold brigands
  4 bullfrogs
  2 necrophages
  3 scorpions
  A gnoll sergeant (D:5)
  9 killer bees
  5 hounds
  4 jellies
  2 orc priests (D:6)
  Crazy Yiuf (D:2)
  A gnoll bouda (D:9)
  An iguana (D:7)
  2 orc wizards
  10 gnolls
  6 adders
  2 white imps
  2 worms
  3 dart slugs (D:1)
  13 orcs
  13 endoplasms
  2 giant cockroaches
  8 goblins
  9 hobgoblins
  9 jackals
  2 quokkas
  5 ball pythons
  3 bats
  3 frilled lizards
  14 kobolds
  4 rats
  A butterfly (Lair:1)
193 creatures vanquished.

Vanquished Creatures (collateral kills)
  A gnoll (D:9)
1 creature vanquished.

Vanquished Creatures (others)
  2 fungi
  12 plants
14 creatures vanquished.

Grand Total: 208 creatures vanquished

Notes
Turn   | Place    | Note
-------+----------+-------------------------------------------
     0 | D:1      | GigaChad the Minotaur Fighter began the quest for the Orb.
     0 | D:1      | Reached XP level 1. HP: 19/19 MP: 0/0
   262 | D:1      | Reached XP level 2. HP: 24/27 MP: 1/1
   285 | D:1      | Reached skill level 4 in Shields
   316 | D:1      | Found a faded altar of an unknown god.
   319 | D:1      | Prayed at the altar of an unknown god.
   319 | D:1      | Became a worshipper of Qazlal Stormbringer
   319 | D:1      | Reached * piety under Qazlal
   530 | D:1      | Reached XP level 3. HP: 22/33 MP: 2/2
  1724 | D:2      | Identified the -1 helmet of Precision Catastrophes {rF+ rN+
                  | rCorr}
  1764 | D:2      | Reached XP level 4. HP: 40/40 MP: 3/3
  1904 | D:2      | Reached ** piety under Qazlal
  1962 | D:2      | Found a runed translucent door.
  1963 | D:2      | Noticed Crazy Yiuf
  2390 | D:2      | Killed Crazy Yiuf
  2782 | D:3      | Reached XP level 5. HP: 46/46 MP: 4/4
  3271 | D:4      | Found the +18 Lear's hauberk
  3304 | D:4      | Found a sacrificial altar of Ru.
  3382 | D:4      | Reached skill level 5 in Armour
  3422 | D:4      | Reached skill level 5 in Axes
  3581 | D:4      | Noticed an ogre
  3591 | D:5      | Entered Level 5 of the Dungeon
  3600 | D:5      | Found an opulent altar of Gozag.
  3875 | D:5      | Found a burning altar of Makhleb.
  3934 | D:5      | Reached XP level 6. HP: 53/53 MP: 5/5
  4551 | D:5      | Reached skill level 5 in Shields
  4551 | D:5      | Reached XP level 7. HP: 58/60 MP: 6/6
  4763 | D:6      | Identified the ring "Kosicyen" {Fire Str+3 Dex+2}
  4910 | D:6      | Noticed Pikel
  4930 | D:6      | Killed Pikel
  4931 | D:6      | Reached skill level 5 in Fighting
  4931 | D:6      | Reached skill level 1 in Dodging
  4931 | D:6      | Reached XP level 8. HP: 69/69 MP: 7/7
  4967 | D:6      | Noticed Prince Ribbit
  4979 | D:6      | Killed Prince Ribbit
  4980 | D:6      | Reached skill level 6 in Shields
  4983 | D:6      | Noticed Menkaure
  4997 | D:6      | Killed Menkaure
  5671 | D:6      | Identified the +2 long sword "Ledeqol" {freeze, rF+}
  5895 | D:7      | Reached skill level 7 in Shields
  5924 | D:7      | Reached *** piety under Qazlal
  5925 | D:7      | Reached XP level 9. HP: 63/79 MP: 8/8
  5938 | D:7      | Reached skill level 5 in Dodging
  5938 | D:7      | Reached skill level 8 in Shields
  6223 | D:7      | Found a flagged portal.
  6272 | D:8      | Reached skill level 9 in Shields
  6288 | D:7      | Reached XP level 10. HP: 26/91 MP: 9/9
  6843 | D:7      | Found a staircase to the Ecumenical Temple.
  6857 | Temple   | Entered the Ecumenical Temple
  7525 | D:8      | Reached skill level 10 in Fighting
  7525 | D:8      | Reached skill level 10 in Shields
  8508 | D:9      | Reached **** piety under Qazlal
  8648 | D:9      | Reached skill level 1 in Invocations
  8982 | D:9      | Found a runed translucent door.
  8999 | D:9      | Found a staircase to the Lair.
  9050 | Lair:1   | Entered Level 1 of the Lair of Beasts
  9364 | Lair:1   | Noticed a cane toad
  9375 | Lair:1   | Killed a cane toad
  9444 | Lair:1   | Noticed a cane toad
  9457 | Lair:1   | Killed a cane toad
  9647 | Lair:1   | Reached skill level 10 in Axes
  9647 | Lair:1   | Reached skill level 11 in Shields
  9791 | Lair:1   | Reached XP level 11. HP: 89/99 MP: 9/12
 10842 | Lair:2   | Noticed a seven-headed hydra
 10857 | Lair:2   | Mangled by a 14-headed hydra

Illustrated notes

Levels and vault maps discovered:
D:1:      dpeg_arrival_chambers_temple_mockup, layout_basic,
          hellmonk_ecumenical_altar_inner_sanctum
D:2:      layout_basic, uniq_crazy_yiuf_cottage
D:3:      layout_rooms
D:4:      layout_rooms, lemuel_coloured_pillars_altar, lightli_sewer_entry_pipes
D:5:      layout_gridville, mainiacjoe_overflow_24_doors,
          grunt_gozag_breadcrumbs
D:6:      layout_rooms, uniq_menkaure, uniq_prince_ribbit1, uniq_pikel
D:7:      cheibrodos_steamvent, layout_cave_pools, minmay_temple_entry_poolview,
          enter_bailey_3
D:8:      layout_basic
D:9:      cheibrodos_histonic, layout_basic, lair_entry_dummy,
          serial_bayou_crossing
Temple:   minmay_temple_bridge_d
Lair:1:   layout_roguey, grunt_megastairs_5, serial_bayou_shore_a,
          infiniplex_staircase_pool_2, lemuel_fruit_fields
Lair:2:   layout_chaotic_city, grunt_megastairs_4, lemuel_fruit_fields

Skill      XL: |  1  2  3  4  5  6  7  8  9 10 11 |
---------------+----------------------------------+-----
Shields        | 4 5 7 9 11 | 11.4
Fighting       | 4 5 7 9 10 | 10.1
Armour         | 4 5 6 7 |  7.5
Axes           | 3 4 5 6 8 10 | 10.7
Dodging        | 1 4 6 7 |  7.1
Invocations    | 3 |  3.9
Stealth        | |  0.7

Action                   |  1- 3 |  4- 6 |  7- 9 | 10-12 || total
-------------------------+-------+-------+-------+-------++-------
Melee: War axe           |    83 |    89 |   135 |   192 ||   499
       Headbutt          |     9 |    20 |    28 |    44 ||   101
Invok: Upheaval          |       |       |       |     1 ||     1
  Use: Scroll            |     1 |       |     1 |    12 ||    14
Armor: Chain mail        |    89 |    76 |   109 |   180 ||   454
Dodge: Dodged            |    49 |    28 |    67 |   113 ||   257
Block: Buckler           |    36 |    41 |    85 |   189 ||   351
